cohdb
Replays
Latest Replays
All Replays
Popular Replays
Top Player Replays
Match Explorer
How It Works
Community
CoH3 Stats
Reddit
Sign in to upload your games and track your stats! →
Sign in with Steam
Match 44158451
Unlisted
Match 44158451
Overview
Messages
Build Orders
End
Engineer Squad
Construct Weapon Support Center
Selects Heavy Weapons
M1919 Machine Gun Team
M1919 Machine Gun Team
Infantry Support Center
M1919 Machine Gun Team
Selects M2HB .50cal Heavy Machine Gun
Construct Medical Station
Bazooka Squad
Construct Motor Pool
Selects Assault Carriers
Selects Halftrack Strongpoints
M8 Greyhound Armored Car
Engineer Squad
Bazooka Squad
M8 Greyhound Armored Car
Improved M9 Bazooka Rockets
M24 Chaffee Light Tank
Selects M26 Pershing Heavy Tank
M26 Pershing Heavy Tank
M1 Anti-tank Gun Team
M1 Anti-tank Gun Team
Symbiosis
*Mule
el campo
MaXiS
0
0
Comments
sign in to comment!
No comments posted yet!